 Dungeon Crawl Stone Soup version 0.21.1-1-g345015f (webtiles) character file.

100 dvd the Skirmisher (level 4, -1/37 HPs)
             Began as a Demonspawn Monk on July 4, 2018.
             Killed from afar by Natasha (10 damage)
             ... with a wand of flame (26)
             ... on level 2 of the Dungeon.
             The game lasted 00:05:18 (2345 turns).

dvd the Skirmisher (Demonspawn Monk)                Turns: 2345, Time: 00:05:19

Health: -1/37      AC:  5    Str: 12    XL:     4   Next: 46%
Magic:  0/4        EV:  7    Int: 11    God:
Gold:   71         SH: 11    Dex: 16    Spells: 3/3 levels left

rFire    . . .     SeeInvis .   a - +0 falchion
rCold    . . .     Gourm    .   e - +0 large shield
rNeg     . . .     Faith    .   i - +0 ring mail
rPois    .         Spirit   +   (no helmet)
rElec    .         Reflect  .   (no cloak)
rCorr    .         Harm     .   (no gloves)
MR       .....                  (no boots)
Stlth    +.........             (no amulet)
HPRegen  0.12/turn              (no ring)
MPRegen  0.09/turn              (no ring)

@: no status effects
A: claws 1, magic shield
a: no special abilities


You were on level 2 of the Dungeon.
You were hungry.

You visited 1 branch of the dungeon, and saw 2 of its levels.

You collected 71 gold pieces.

Inventory:

Hand Weapons
 a - a +0 falchion (weapon)
 m - a +1 dagger of protection
Armour
 b - a +0 robe
 e - a +0 large shield (worn)
 h - a +0 plate armour
 i - a +0 ring mail (worn)
Scrolls
 g - a scroll of teleportation {unknown}
 k - a scroll of fear {unknown}
 l - a scroll of identify {unknown}
 n - a scroll of immolation {unknown}
Potions
 d - a potion of mutation {unknown}
 f - a potion of brilliance {unknown}
 j - a potion of heal wounds {unknown}
Comestibles
 c - 2 rations


   Skills:
 + Level 3.7 Fighting
 + Level 3.5 Long Blades
 + Level 0.8 Armour
 + Level 3.0 Dodging
 + Level 2.1 Stealth
 + Level 0.9 Shields


You had 3 spell levels left.
You didn't know any spells.

Dungeon Overview and Level Annotations

Branches:
Dungeon (2/15)

Altars:
Ashenzari
Nemelex Xobeh

Annotations:
D:2 Natasha


Innate Abilities, Weirdness & Mutations

You have sharp fingernails.
When hurt, damage is shared between your health and your magic reserves.


Message History

Natasha is heavily wounded.
You block Natasha's attack. Natasha completely misses you.
You closely miss Natasha.
Natasha is heavily wounded.
Natasha claws you.
* * * LOW HITPOINT WARNING * * *
You closely miss Natasha.
Natasha is heavily wounded.
You block Natasha's attack.
You completely miss Natasha.
Natasha is heavily wounded.
Natasha barely misses you.
Natasha zaps a wand.
The puff of flame hits you!
* * * LOW HITPOINT WARNING * * *
Unknown command.
Okay, then.
Unknown command.
You closely miss Natasha.
Natasha is heavily wounded.
Natasha zaps a wand.
The puff of flame hits you!
You die...

#####################
#............h......#
#......#....@#......#
#......#.....#.g....#
#......##...##......#
#####.......#...#
......#
.....>......##.##
......#
#####.###....#.#
..###.# .#
#...###.#### ### .#
.# #.....###...
.####....... ._?#.


You could see Natasha.

Vanquished Creatures
  A crimson imp (D:2)
  An adder (D:2)
  An ooze (D:2)
  2 dart slugs (D:1)
  A leopard gecko (D:1)
  3 ball pythons
  6 bats
  2 giant cockroaches
  4 goblins
  4 hobgoblins
  A quokka (D:2)
  3 frilled lizards
  A jackal skeleton (D:2)
  9 kobolds
  6 rats
45 creatures vanquished.

Notes
Turn   | Place    | Note
-------+----------+-------------------------------------------
     0 | D:1      | dvd the Demonspawn Monk began the quest for the Orb.
     0 | D:1      | Reached XP level 1. HP: 18/18 MP: 1/1
   180 | D:1      | Gained mutation: You have sharp fingernails. [demonic ancestry]
   180 | D:1      | Reached XP level 2. HP: 24/24 MP: 2/2
  1232 | D:1      | Gained mutation: When hurt, damage is shared between your health and your magic reserves. [demonic ancestry]
  1232 | D:1      | Reached XP level 3. HP: 29/29 MP: 3/3
  1512 | D:2      | Found a sparkling altar of Nemelex Xobeh.
  2076 | D:2      | Reached XP level 4. HP: 37/37 MP: 4/4
  2309 | D:2      | Found a shattered altar of Ashenzari.
  2328 | D:2      | Noticed Natasha
  2345 | D:2      | Killed from afar by Natasha

Skill      XL: |  1  2  3 |
---------------+----------+-----
Long Blades    | 3 |  3.5
Dodging        | 3 |  3.0
Stealth        | 2 |  2.1
Fighting       | |  3.7
Armour         | |  0.8
Shields        | |  0.9

Action                   |  1- 3 |  4- 6 || total
-------------------------+-------+-------++-------
Melee: Falchion          |   170 |    25 ||   195
 Stab: Sleeping          |     7 |     2 ||     9
       Distracted        |     1 |       ||     1
  Eat: Chunk             |     3 |     1 ||     4
Armor: Robe              |     4 |       ||     4
       Ring mail         |    34 |     3 ||    37
Dodge: Dodged            |    38 |     5 ||    43
Block: Large shield      |    76 |    15 ||    91
       Rpst.: Falchion   |    10 |       ||    10
